 Dungeon Crawl Stone Soup version 0.20-a0-787-g4ba4951 (webtiles) character file.

83336 GlassEater the Peltast (level 15, -2/207 HPs)
             Began as a Minotaur Berserker on Feb 28, 2017.
             Was the Champion of Trog.
             Killed by divine providence
             ... invoked by an orc priest
              (9 damage)
             ... on level 2 of the Orcish Mines.
             The game lasted 00:57:30 (20829 turns).

GlassEater the Peltast (Minotaur Berserker)        Turns: 20829, Time: 00:57:30

Health: -2/207     AC: 19    Str: 28    XL:     15   Next: 32%
Magic:  14/14      EV: 15    Int:  2    God:    Trog [******]
Gold:   2182       SH: 31    Dex: 17    Spells: 14/14 levels left

rFire    . . .     SeeInvis +   a - +9 demon whip (freeze)
rCold    + + .     Gourm    .   X - +0 pearl dragon scales
rNeg     + . .     Faith    .   I - +3 large shield
rPois    +         Spirit   .   N - +0 hat
rElec    +         Reflect  +   g - scarf {rC+}
rCorr    .         Harm     .   n - +0 pair of gloves
MR       ++++.                  j - +0 pair of boots
Stlth    ..........             G - +4 amulet of reflection
Regen    1.5/turn               Y - ring of protection from magic
MPRegen  0.2/turn               T - ring of Peace {rElec rC+ Int-4 SInv}

@: berserking, regenerating, very quick
A: retaliatory headbutt, horns 2, clever 1, poison resistance, strong 1,
evolution 1
a: Berserk, Trog's Hand, Brothers in Arms, Burn Spellbooks, Renounce Religion


You were on level 2 of the Orcish Mines.
You worshipped Trog.
Trog was exalted by your worship.
You were very hungry.

You visited 3 branches of the dungeon, and saw 20 of its levels.
You also visited: Labyrinth, Ossuary and Ice Cave.

You collected 2182 gold pieces.

Inventory:

Hand Weapons
 a - a +9 demon whip of freezing (weapon)
 b - a +5 hand crossbow of freezing
Missiles
 p - 205 bolts
Armour
 g - a scarf of cold resistance (worn)
 j - a +0 pair of boots (worn)
 n - a +0 pair of gloves (worn)
 A - +0 ice dragon scales
 I - a +3 large shield (worn)
 N - a +0 hat (worn)
 O - +2 fire dragon scales
 X - +0 pearl dragon scales (worn)
Jewellery
 i - an uncursed ring of ice
 B - an uncursed ring of ice
 G - a +4 amulet of reflection (around neck)
 P - a +2 ring of strength
 R - an uncursed ring of protection from cold
 T - the ring of Peace (left hand) {rElec rC+ Int-4 SInv}
   (You took it off a minotaur in a labyrinth)

   [ring of intelligence]

   It affects your intelligence (-4).
   It protects you from cold.
   It insulates you from electricity.
   It lets you see invisible.
 V - an uncursed amulet of faith
 Y - a ring of protection from magic (right hand)
 Z - a +3 ring of dexterity
Scrolls
 e - 6 scrolls of magic mapping
 q - 5 scrolls of fear
 r - 3 scrolls of remove curse
 u - 2 scrolls of identify
 v - 3 scrolls of blinking
 w - 6 scrolls of recharging
 x - 8 scrolls of teleportation
Potions
 d - 6 potions of agility
 k - a potion of heal wounds
 l - 3 potions of curing
 m - a potion of ambrosia
 s - 3 potions of resistance
 t - 2 potions of flight
 D - 3 potions of haste
 K - a potion of cancellation {unknown}
 U - a potion of might
Comestibles
 c - 10 bread rations
 f - 33 fruits
 h - 15 chunks of flesh
 o - 5 meat rations
 H - a royal jelly


   Skills:
 + Level 14.3 Fighting
 - Level 12.4 Maces & Flails
 + Level 7.1 Crossbows
 + Level 13.9 Armour
 + Level 8.7 Dodging
 + Level 18.8 Shields


You had 14 spell levels left.
You didn't know any spells.

Dungeon Overview and Level Annotations

Branches:
Dungeon (12/15)            Temple (0/1) D:7            Lair (6/6) D:11
  Swamp (0/4) Lair:2       Spider (0/4) Lair:3        Slime (0/5) Lair:5
    Orc (2/2) D:11            Elf (0/3) Orc:2

Altars:
Ashenzari
Elyvilon
Kikubaaqudgha
Nemelex Xobeh
Okawaru
Qazlal
Vehumet
Xom
Yredelemnul
Beogh
Jiyva

Shops:
D:5 =   D:12 }

Portals:
Ice
Cave: D:12


Innate Abilities, Weirdness & Mutations

You reflexively headbutt those who attack you in melee.
You have a pair of horns on your head.
Your mind is acute. (Int +2)
Your system is resistant to poisons. (rPois)
Your muscles are strong. (Str +2)
You evolve.


Message History

You block the orc warrior's attack. The orc warrior closely misses you.
You furiously retaliate!
You headbutt the orc warrior.
You are feeling very hungry.
You thrash the orc priest!! You freeze the orc priest.
You feel the power of Trog in you as your rage grows.
You kill the orc priest!
Trog accepts your kill.
Unknown command.
You completely miss the orc. You headbutt the orc!
You feel the power of Trog in you as your rage grows.
You kill the orc!
Trog accepts your kill. You block the orc warrior's attack.
You block the orc's attack.
Unknown command.
You barely miss the orc warrior. Your headbutt misses the orc warrior.
The orc knight roars a battlecry!
The orcs go into a battle-frenzy!
The orc priest invokes the aid of Beogh against you.
Beogh smites you!
You die...

#.....## ##. ##....##
##.######.#..#.## ##.
##.....##........# ##...
#.....####.......# .....
........##.......#o....
..........#......#o#.#.#
.........###...ooooo....
....#....<.##..)@oo.o...
)..##.#...###...oo.oo.(.
))###.#....#...#.#o#.#.#
.).#####......####......
....#.#....#.## #.....
..........##.# ##...
..........## # ##.
........##. .........###


You could see an orc knight, 4 orc warriors, 6 orc priests and 4 orcs.

Vanquished Creatures
  Rupert (Lair:5)
  Gastronok (D:8)
  The ghost of xnavy the Spear-Bearer, a journeyman DrBe of Qazlal (IceCv)
  A white draconian (IceCv)
  A minotaur (Lab)
  An ice dragon (D:12)
  The ghost of GlassEater the Basher, a journeyman MiBe of Trog (D:10)
  Fannar (Lair:1)
  4 hydras
  Erica (D:8)
  A centaur warrior (D:12)
  2 catoblepae (Lair:6)
  A two-headed ogre (D:10)
  A deep troll shaman (Lair:6)
  13 death yaks (Lair:6)
  Nergalle (Lair:2)
  The ghost of krigyl the Cleaver, a novice DDFi of Makhleb (D:7)
  3 skeletal warriors
  An unseen horror (D:10)
  A lindwurm (Lair:6)
  2 orc knights
  An orb spider (Lair:3)
  Pikel (D:7)
  3 orc sorcerers
  An ugly thing (D:11)
  2 cyclopes (D:12)
  Maurice (Orc:1)
  8 elephants (Lair:6)
  Joseph (D:8)
  4 black mambas
  An ice statue (IceCv)
  13 spiny frogs
  3 rime drakes
  2 torpor snails (Lair:6)
  9 komodo dragons
  A troll (Orc:2)
  23 polar bears
  9 dream sheep (Lair:6)
  42 blink frogs
  A meliai zombie (D:10)
  2 hippogriffs
  A wraith (D:11)
  Sigmund (D:6)
  3 wyverns
  49 yaks
  4 basilisks
  A hungry ghost (D:10)
  A steam dragon (Lair:4)
  14 water moccasins
  4 swamp worms (Lair:2)
  An acid dragon (D:11)
  6 black bears
  11 porcupines
  15 orc warriors
  3 sky beasts
  12 ice beasts
  A necrophage (D:8)
  A phantom (D:3)
  29 wolves
  12 ogres
  5 centaurs
  16 crocodiles
  3 big kobolds
  21 bullfrogs
  2 elf skeletons (D:7)
  A wyvern skeleton (D:10)
  3 scorpions (D:9)
  9 wights
  An electric eel (Lair:2)
  4 crimson imps
  4 lava snakes (Lab)
  5 centaur zombies
  3 bullfrog zombies
  2 human zombies (D:7)
  A jelly (D:10)
  3 hounds
  18 orc wizards
  Crazy Yiuf (D:4)
  22 orc priests
  A centaur skeleton (D:8)
  2 human skeletons (D:7)
  2 iguanas
  8 worker ants
  6 hell rats (Lair:6)
  A big kobold zombie (Ossuary)
  4 ogre zombies (Ossuary)
  A hound zombie (D:11)
  2 hound skeletons (D:5)
  7 mummies (Ossuary)
  A howler monkey zombie (D:11)
  2 howler monkey skeletons
  9 adders
  A shadow imp (D:8)
  6 adder zombies
  3 worms
  3 dart slugs
  3 leopard geckos
  68 orcs
  4 ball pythons
  6 bats
  2 giant cockroaches (D:5)
  A gnoll zombie (Ossuary)
  13 hobgoblins
  6 jackals
  19 kobolds
  2 quokkas
  5 frilled lizards
  6 goblins
  5 goblin zombies (Ossuary)
  3 hobgoblin zombies (Ossuary)
  4 kobold zombies (Ossuary)
  A leopard gecko skeleton (D:5)
  A leopard gecko zombie (D:7)
  5 quokka zombies (Ossuary)
  9 rats
  A rat zombie (Ossuary)
684 creatures vanquished.

Vanquished Creatures (others)
  A death yak (Lair:6)
  A yak (IceCv)
  3 wolves (IceCv)
  4 centaurs (Lair:1)
  An orc priest (Orc:2)
  16 fungi
  7 plants
33 creatures vanquished.

Grand Total: 717 creatures vanquished

Notes
Turn   | Place    | Note
-------+----------+-------------------------------------------
     0 | D:1      | GlassEater the Minotaur Berserker began the quest for the Orb.
     0 | D:1      | Reached XP level 1. HP: 19/19 MP: 0/0
   289 | D:1      | Reached XP level 2. HP: 27/27 MP: 1/1
   685 | D:1      | Reached ** piety under Trog
   845 | D:1      | Reached XP level 3. HP: 33/33 MP: 2/2
  1761 | D:2      | Reached XP level 4. HP: 36/41 MP: 3/3
  1763 | D:2      | Reached skill level 5 in Maces & Flails
  1950 | D:3      | Reached *** piety under Trog
  1960 | D:3      | Reached XP level 5. HP: 47/47 MP: 4/4
  2290 | D:3      | Found a white marble altar of Elyvilon.
  2386 | D:3      | Noticed a phantom
  2409 | D:3      | Killed a phantom
  2409 | D:3      | Reached skill level 5 in Fighting
  2760 | D:4      | Found a runed door.
  2786 | D:4      | Got a bone mace
  2787 | D:4      | Identified the cursed +1 mace "Lipoet" {crush, +Rage +Fly rF+} (You found it on level 4 of the Dungeon)
  2791 | D:4      | Noticed Crazy Yiuf
  2795 | D:4      | Killed Crazy Yiuf
  2795 | D:4      | Reached XP level 6. HP: 56/56 MP: 5/5
  2993 | D:5      | Entered Level 5 of the Dungeon
  3160 | D:5      | Found a stormy altar of Qazlal.
  3223 | D:5      | Found Batowet's Jewellery Emporium.
  3252 | D:5      | Found a basalt altar of Yredelemnul.
  3258 | D:5      | Found a radiant altar of Vehumet.
  3262 | D:5      | Found a shimmering altar of Xom.
  3287 | D:5      | Noticed an ice beast
  3314 | D:5      | Killed an ice beast
  3517 | D:5      | Reached XP level 7. HP: 53/61 MP: 6/6
  3614 | D:5      | Reached **** piety under Trog
  3987 | D:6      | Found an ancient bone altar of Kikubaaqudgha.
  3996 | D:6      | Gained mutation: You are weak. (Str -2) [potion of mutation]
  3996 | D:6      | Gained mutation: You are clumsy. (Dex -2) [potion of mutation]
  3996 | D:6      | Gained mutation: You are frail. (-10% HP) [potion of mutation]
  3996 | D:6      | Gained mutation: You can translocate small distances at will. [potion of mutation]
  4047 | D:6      | Found a shattered altar of Ashenzari.
  4121 | D:6      | Reached XP level 8. HP: 63/63 MP: 7/7
  4124 | D:6      | Reached skill level 5 in Armour
  4404 | D:6      | Noticed Sigmund
  4409 | D:6      | Killed Sigmund
  4410 | D:6      | Reached skill level 10 in Maces & Flails
  4628 | D:7      | Found a sand-covered staircase.
  4643 | Ossuary  | Entered an ossuary
  4826 | Ossuary  | Reached ***** piety under Trog
  4876 | Ossuary  | Reached XP level 9. HP: 58/71 MP: 8/8
  5284 | D:7      | Noticed krigyl's ghost (novice DDFi)
  5297 | D:7      | Killed krigyl's ghost
  5300 | D:7      | Noticed Pikel
  5306 | D:7      | Killed Pikel
  5344 | D:7      | Lost mutation: You can translocate small distances at will. [potion of mutation]
  5344 | D:7      | Lost mutation: You are weak. (Str -2) [potion of mutation]
  5344 | D:7      | Lost mutation: You are clumsy. (Dex -2) [potion of mutation]
  5344 | D:7      | Lost mutation: You are frail. (-10% HP) [potion of mutation]
  5344 | D:7      | Gained mutation: You are covered in fur. (AC +1) [potion of mutation]
  5344 | D:7      | Lost mutation: You are covered in fur. (AC +1) [potion of mutation]
  5344 | D:7      | Gained mutation: You are clumsy. (Dex -2) [potion of mutation]
  5344 | D:7      | Gained mutation: Your spells are a little harder to cast, but a little more powerful. [potion of mutation]
  5392 | D:7      | Found a staircase to the Ecumenical Temple.
  5790 | D:8      | Noticed Joseph
  5802 | D:8      | Killed Joseph
  5835 | D:8      | Reached XP level 10. HP: 83/90 MP: 9/9
  5849 | D:8      | Noticed Gastronok
  5863 | D:8      | Killed Gastronok
  5863 | D:8      | Reached skill level 5 in Dodging
  5900 | D:8      | Reached skill level 10 in Armour
  6049 | D:8      | Noticed Erica
  6065 | D:8      | Killed Erica
  6065 | D:8      | Reached skill level 10 in Fighting
  7021 | D:9      | Reached skill level 2 in Shields
  7061 | D:9      | Reached skill level 3 in Shields
  7272 | D:9      | Reached skill level 4 in Shields
  7386 | D:10     | Entered Level 10 of the Dungeon
  7462 | D:10     | Reached XP level 11. HP: 97/100 MP: 10/10
  7507 | D:10     | Noticed GlassEater's ghost (journeyman MiBe)
  7522 | D:10     | Killed GlassEater's ghost
  7522 | D:10     | Reached skill level 6 in Shields
  7568 | D:10     | Noticed a two-headed ogre
  7576 | D:10     | Killed a two-headed ogre
  7576 | D:10     | Reached skill level 7 in Shields
  7767 | D:10     | Reached skill level 8 in Shields
  7808 | D:10     | Found a sparkling altar of Nemelex Xobeh.
  7896 | D:10     | Killed an unseen horror
  8104 | D:10     | Reached skill level 9 in Shields
  8277 | D:11     | Noticed a cyan ugly thing
  8279 | D:11     | Noticed a six-headed hydra
  8289 | D:11     | Killed a six-headed hydra
  8289 | D:11     | Reached skill level 10 in Shields
  8292 | D:11     | Killed a cyan ugly thing
  8307 | D:11     | Got a twisted chain mail
  8320 | D:11     | Gained mutation: You are frail. (-10% HP) [mutagenic meat]
  8321 | D:11     | Gained mutation: Your magical capacity is low. (-10% MP) [mutagenic meat]
  8322 | D:11     | Lost mutation: Your spells are a little harder to cast, but a little more powerful. [mutagenic meat]
  8391 | D:11     | Identified the +2 chain mail of Zuqi {-Cast *Drain rPois Regen+} (You found it on level 11 of the Dungeon)
  8429 | D:11     | Reached ****** piety under Trog
  8451 | D:11     | Found a staircase to the Orcish Mines.
  8461 | D:11     | Reached skill level 11 in Shields
  8637 | D:11     | Found a staircase to the Lair.
  8727 | D:11     | Received a gift from Trog
  9035 | D:12     | Found a frozen archway.
  9038 | D:12     | Noticed an ice dragon
  9101 | D:12     | Killed an ice dragon
  9101 | D:12     | Reached XP level 12. HP: 42/97 MP: 9/9
  9212 | D:12     | Reached skill level 12 in Shields
  9222 | D:12     | Noticed a centaur warrior
  9233 | D:12     | Killed a centaur warrior
  9257 | D:12     | Found Zoen Wuich's Gadget Boutique.
  9566 | D:11     | Reached skill level 13 in Shields
  9652 | Lair:1   | Entered Level 1 of the Lair of Beasts
 10043 | Lair:1   | Reached skill level 1 in Crossbows
 10253 | Lair:1   | Reached skill level 5 in Crossbows
 10674 | Lair:1   | Received a gift from Trog
 10811 | Lair:1   | Found an iron altar of Okawaru.
 10966 | Lair:1   | Noticed Fannar
 10992 | Lair:1   | Killed Fannar
 11314 | Lair:2   | Reached XP level 13. HP: 101/104 MP: 10/10
 11431 | Lair:2   | Noticed Nergalle
 11446 | Lair:2   | Killed Nergalle
 12011 | Lair:2   | Found a staircase to the Swamp.
 12124 | Lair:2   | Received a gift from Trog
 12259 | Lair:2   | Reached skill level 14 in Shields
 13074 | Lair:3   | Found a labyrinth entrance.
 13104 | Lair:3   | Lost mutation: Your magical capacity is low. (-10% MP) [potion of mutation]
 13104 | Lair:3   | Lost mutation: You are frail. (-10% HP) [potion of mutation]
 13104 | Lair:3   | Lost mutation: You are clumsy. (Dex -2) [potion of mutation]
 13104 | Lair:3   | Gained mutation: You evolve. [potion of mutation]
 13104 | Lair:3   | Gained mutation: Your mind is acute. (Int +2) [potion of mutation]
 13104 | Lair:3   | Gained mutation: Your system is resistant to poisons. (rPois) [potion of mutation]
 13104 | Lair:3   | Gained mutation: You are resistant to hostile enchantments. (MR+) [potion of mutation]
 13120 | Lab      | Entered a labyrinth
 13405 | Lab      | Lost mutation: You are resistant to hostile enchantments. (MR+) [evolution]
 13771 | Lab      | Noticed a minotaur
 13789 | Lab      | Killed a minotaur
 13791 | Lab      | Got a warped amber ring
 13821 | Lab      | Identified the cursed ring of Peace {rElec rC+ Int-4 SInv} (You took it off a minotaur in a labyrinth)
 14169 | Lair:3   | Found a hole to the Spider Nest.
 14881 | Lair:3   | Reached skill level 15 in Shields
 15706 | Lair:4   | Received a gift from Trog
 15964 | Lair:5   | Found a staircase to the Slime Pits.
 15964 | Lair:5   | Found a viscous altar of Jiyva.
 16262 | Lair:5   | Found a frozen archway.
 16306 | IceCv    | Entered an ice cave
 16364 | IceCv    | Reached skill level 16 in Shields
 16550 | IceCv    | Reached XP level 14. HP: 120/127 MP: 13/13
 17022 | IceCv    | Noticed xnavy's ghost (journeyman DrBe)
 17041 | IceCv    | Killed xnavy's ghost
 17184 | IceCv    | Gained mutation: Your muscles are strong. (Str +2) [evolution]
 17510 | Lair:5   | Noticed Rupert
 17524 | Lair:5   | Killed Rupert
 17915 | Lair:6   | Entered Level 6 of the Lair of Beasts
 17978 | Lair:6   | Reached skill level 17 in Shields
 18305 | Lair:6   | Received a gift from Trog
 18754 | Lair:6   | Reached skill level 18 in Shields
 18925 | Lair:6   | Reached XP level 15. HP: 125/137 MP: 14/14
 19779 | Orc:1    | Entered Level 1 of the Orcish Mines
 19779 | Orc:1    | Noticed Maurice
 19790 | Orc:1    | Killed Maurice
 19874 | Orc:1    | Received a gift from Trog
 19946 | Orc:1    | Found a roughly hewn altar of Beogh.
 20348 | Orc:2    | Entered Level 2 of the Orcish Mines
 20357 | Orc:2    | Found a staircase to the Elven Halls.
 20679 | Orc:2    | Received a gift from Trog
 20825 | Orc:2    | HP: 5/138 [orc priest/divine providence (12)]
 20829 | Orc:2    | Killed from afar by an orc priest

Vault maps used:
D:1:      scummos_arrival_simple_fountains
D:3:      elyvilon_altar_5, minmay_misc_feat_x
D:4:      uniq_crazy_yiuf_cottage
D:5:      minitemple, grunt_qazlal_sundering, first_bread, serial_shops, shop,
          nicolae_sextant, minmay_joined_circles
D:6:      evilmike_ruin_ashenzari, basic_altar, mrwooster_statue_mirror,
          uniq_sigmund
D:7:      temple_green, nicolae_ossuary_entry_catacombs, uniq_pikel
D:8:      uniq_erica, uniq_joseph, uniq_gastronok
D:10:     basic_altar, blue_anna_alchemist
D:11:     grunt_lair_entry_orc_guard_hut
D:12:     argonaut_augean_stables, serial_shops, shop,
          portal_ice_cave_entry_animals_and_master
Lair:1:   hangedman_lair_unloving_vines, lemuel_centaur_altar,
          infiniplex_staircase_pool_2, lemuel_fruit_fields, uniq_fannar
Lair:2:   nicolae_swamp_entry_splash_gauntlet, beast_lair_carwin_10,
          uniq_nergalle
Lair:3:   nicolae_spider_entry_orb_guardian, lab_entry_generic
Lair:5:   slime_altar_1, portal_ice_cave_entry_ice_beasts, grunt_megastairs_2,
          uniq_rupert
Lair:6:   grunt_lair_end_beastmaster, minivault_27
Orc:1:    basic_altar, uniq_maurice
Orc:2:    st_orc_pillars, guppyfry_library_mini
Lab:      labyrinth_green, labyrinth_lava_lair
Ossuary:  ossuary_boxes_badplayer
IceCv:    ice_cave_caverns_02

Skill      XL: |  1  2  3  4  5  6  7  8  9 10 11 12 13 14 15 |
---------------+----------------------------------------------+-----
Fighting       | 4 5 6 7 8 10 11 12 13 14 | 14.3
Maces & Flails | 4 5 6 7 9 10 12 | 12.4
Armour         | 3 4 6 8 10 11 12 13 | 13.9
Dodging        | 3 4 5 6 8 |  8.7
Shields        | 4 11 13 16 18 | 18.8
Crossbows      | 7 |  7.1

Action                   |  1- 3 |  4- 6 |  7- 9 | 10-12 | 13-15 || total
-------------------------+-------+-------+-------+-------+-------++-------
Melee: Mace              |    78 |    51 |   297 |       |       ||   426
       Headbutt          |     8 |    17 |    80 |   254 |   480 ||   839
       Whip              |    28 |    64 |    23 |   920 |   541 ||  1576
       Morningstar       |       |       |       |    16 |    31 ||    47
       Flail             |       |       |       |       |   580 ||   580
       Demon whip        |       |       |       |       |   406 ||   406
Invok: Berserk           |       |     4 |     4 |    12 |    10 ||    30
       Burn Spellbooks   |       |     1 |       |     2 |     5 ||     8
       Trog's Hand       |       |       |     1 |     2 |     2 ||     5
  Use: Scroll            |       |       |    14 |     8 |    26 ||    48
       Potion            |       |       |     3 |       |     4 ||     7
 Stab: Petrified         |       |       |       |       |    26 ||    26
       Petrifying        |       |       |       |       |     6 ||     6
  Eat: Chunk             |     2 |     6 |     8 |    27 |    32 ||    75
       Royal jelly       |       |     1 |       |     1 |     1 ||     3
       Meat ration       |       |       |     1 |     1 |     1 ||     3
       Fruit             |       |       |       |       |     2 ||     2
Armor: Leather armour    |    26 |    17 |       |       |       ||    43
       Animal skin       |     2 |       |       |       |       ||     2
       Chain mail        |       |    38 |   130 |   172 |    85 ||   425
       Pearl dragon scal |       |       |       |       |   316 ||   316
Dodge: Dodged            |    57 |    43 |   123 |   137 |   426 ||   786
Block: Shield            |       |       |       |   374 |   439 ||   813
       Reflection        |       |       |       |    28 |     9 ||    37
       Large shield      |       |       |       |       |  1204 ||  1204
